 Dungeon Crawl Stone Soup version 0.19-a0-1007-g133f65f (webtiles) character file.

36 Implojin the Ruffian (level 3, -3/36 HPs)
             Began as a Troll Fighter on July 19, 2016.
             Slain by Grinder (4 damage)
             ... while paralysed by Grinder
             ... on level 3 of the Dungeon.
             The game lasted 00:01:33 (347 turns).

Implojin the Ruffian (Troll Fighter)                 Turns: 347, Time: 00:01:34

Health: -3/36      AC:  5    Str: 29    XL:     3   Next: 19%
Magic:  2/2        EV:  1    Int:  4    God:
Gold:   26         SH:  0    Dex: 10    Spells: 0 memorised, 2 levels left

rFire  . . .     SeeInvis .       - Unarmed
rCold  . . .     Gourm    +     a - +0 robe
rNeg   . . .     Faith    .     b - +0 shield
rPois  .         Spirit   .     (helmet restricted)
rElec  .         Dismiss  .     (no cloak)
rCorr  .         Reflect  .     (gloves unavailable)
SustAt .         Harm     .     (boots unavailable)
MR     .....                    h - amulet of rage
Stlth  +.........               (no ring)
                                (no ring)

@: paralysed, mighty, not resistant to hostile enchantments, very unstealthy
A: unfitting armour, claws 3, fast metabolism 3, gourmand, regeneration 2,
shaggy fur 1, tough skin 2
a: Evoke Berserk Rage


You were on level 3 of the Dungeon.
You were full.

You visited 1 branch of the dungeon, and saw 3 of its levels.

You collected 26 gold pieces.

Inventory:

Armour
 a - a +0 robe (worn)
 b - a +0 shield (worn)
Jewellery
 h - an amulet of rage (around neck)
Scrolls
 e - 2 scrolls of identify {unknown}
 g - a scroll of immolation {unknown}
Potions
 f - a potion of degeneration {unknown}
 i - a potion of curing {unknown}
Comestibles
 d - 3 bread rations


   Skills:
 - Level 2.4 Fighting
 - Level 2.4 Dodging
 - Level 2.4 Shields
 * Level 3.7 Unarmed Combat


You had 2 spell levels left.
You didn't know any spells.

Dungeon Overview and Level Annotations

Branches:
Dungeon (3/15)

Altars:

Annotations:
D:3 Grinder, Jessica


Innate Abilities, Weirdness & Mutations

You are too large for most types of armour.
You have claws for hands.
Your metabolism is lightning-fast.
You like to eat raw meat.
You heal very quickly.
You are covered in fur. (AC +1)
You have very tough skin. (AC +2)


Message History

Pain shoots through your body! Grinder gestures at you.
You suddenly lose the ability to move!
Grinder hits you.
You writhe in agony.
* * * LOW HITPOINT WARNING * * *
Grinder gestures at you. You resist with significant effort. Grinder hits you.
* * * LOW HITPOINT WARNING * * *
You writhe in agony.
* * * LOW HITPOINT WARNING * * *
Grinder hits you!
* * * LOW HITPOINT WARNING * * *
You writhe in agony.
* * * LOW HITPOINT WARNING * * *
You can move again.
Things that are here:
an adder corpse; a rat corpse; a bat corpse Unknown command.
Unknown command.
Unknown command.
You feel very mighty all of a sudden. You block Grinder's attack.
Jessica mumbles some strange words.
Jessica blinks!
Unknown command.
Unknown command.
Unknown command.
You closely miss Grinder. You block Grinder's attack.
You claw Grinder!
Grinder is moderately wounded.
Grinder closely misses you.
You closely miss Grinder.
Grinder is moderately wounded.
Grinder gestures at you.
You suddenly lose the ability to move!
Grinder hits you.
* * * LOW HITPOINT WARNING * * *
You writhe in agony.
You die...

.#...# ...... ##....#
....... ....... ##
......[#####....
.....>.@........
.......#5#.#...
.......#@# .......#.#
.......#.# .......#.#
....!..#.# ##########
########.#####........#
#.......(.......#
#...............# ##
#........########


You could see Grinder and Jessica.

Vanquished Creatures
  2 adders
  An orc (D:3)
  5 bats
  2 hobgoblins (D:1)
  3 kobolds (D:2)
  A quokka (D:2)
  4 rats
18 creatures vanquished.

Notes
Turn   | Place    | Note
-------+----------+-------------------------------------------
     0 | D:1      | Implojin the Troll Fighter began the quest for the Orb.
     0 | D:1      | Reached XP level 1. HP: 22/22 MP: 0/0
     2 | D:1      | Noticed a dwarf
     2 | D:1      | Noticed a tengu
     4 | D:1      | Noticed a draconian
     6 | D:1      | Noticed a ghoul
     6 | D:1      | Noticed a troll
     8 | D:1      | Noticed a formicid
     8 | D:1      | Noticed an elf
    10 | D:1      | Noticed a centaur
    10 | D:1      | Noticed an ogre
    13 | D:1      | Noticed a vine stalker
    15 | D:1      | Noticed a naga
    15 | D:1      | Noticed an octopode
    17 | D:1      | Noticed a halfling
    17 | D:1      | Noticed a felid
    19 | D:1      | Noticed a minotaur
    19 | D:1      | Noticed a merfolk
    21 | D:1      | Noticed a spriggan
    21 | D:1      | Noticed a demonspawn
    23 | D:1      | Noticed a demigod
    25 | D:1      | Noticed a vampire
    27 | D:1      | Noticed a gargoyle
    27 | D:1      | Noticed a human
   221 | D:2      | Reached XP level 2. HP: 29/29 MP: 1/1
   233 | D:2      | Reached skill level 3 in Unarmed Combat
   320 | D:3      | Noticed Grinder
   320 | D:3      | Noticed Jessica
   336 | D:3      | Reached XP level 3. HP: 36/36 MP: 2/2
   337 | D:3      | Paralysed by Grinder for 6 turns
   346 | D:3      | Paralysed by Grinder for 5 turns
   347 | D:3      | HP: 1/36 [Grinder (6)]
   347 | D:3      | Slain by Grinder

Vault maps used:
D:1:      kb_arrival_jail
D:2:      led_sif_pool
D:3:      uniq_crazy_yiuf_cottage, uniq_grinder, uniq_jessica

Skill      XL: |  1  2 |
---------------+-------+-----
Unarmed Combat | 3 |  3.7
Fighting       | |  2.4
Dodging        | |  2.4
Shields        | |  2.4

Action                   || total
-------------------------++-------
Melee: Unarmed           ||    49
  Use: Potion            ||     1
  Eat: Chunk             ||     5
Armor: Robe              ||    91
Dodge: Dodged            ||    72
Block: Shield            ||    75

Table legend:
 A = Turns spent in this place as a percentage of turns spent in the entire game.
 B = Non-inter-level travel turns spent in this place as a percentage of non-inter-level travel turns spent in the entire game.
 C = Inter-level travel turns spent in this place as a percentage of turns spent in this place.
 D = Turns resting spent in this place as a percentage of non-inter-level travel turns spent in this place.
 E = Turns spent auto-exploring this place as a percentage of non-inter-level travel turns spent in this place.
 F = Non-inter-level travel turns spent in this place divided by the number of levels of this place that you've seen.
                   A       B       C       D       E      F
               +-------+-------+-------+-------+-------+----------------------
         Total | 100.0 | 100.0 |   0.0 |   0.0 |   0.0 | 114.3
       Dungeon | 100.0 | 100.0 |   0.0 |   0.0 |   0.0 | 114.3
               +-------+-------+-------+-------+-------+----------------------

Table legend:
 A = Kills in this place as a percentage of kills in entire the game.
 B = Kills by you in this place as a percentage of kills by you in the entire game.
 C = Kills by friends in this place as a percentage of kills by friends in the entire game.
 D = Other kills in this place as a percentage of other kills in the entire game.
 E = Experience gained in this place as a percentage of experience gained in the entire game.
 F = Experience gained in this place divided by the number of levels of this place that you have seen.
                   A       B       C       D       E      F
               +-------+-------+-------+-------+-------+----------------------
         Total | 100.0 | 100.0 |  -nan |  -nan | 100.0 |  17.3
       Dungeon | 100.0 | 100.0 |  -nan |  -nan | 100.0 |  17.3
               +-------+-------+-------+-------+-------+----------------------
